Map: Ulrena

Players

DoomerX

  • Race: Protoss Protoss
  • League: Gold

LilDicky - Winner!

  • Race: Terran Terran
  • League: Platinum

VOD

http://www.twitch.tv/tumescentpie

Description

Time

  • Played on: Nov. 20, 2015, 9:26 a.m.
  • Length: 3:34
Show
View Real Time Build Order
Export as new Build Order

DoomerX Protoss 

Build Orders:  

Get SALT Encoding   

  12  0:04  Probe (Chrono Boost)  
  13  0:14  Probe (Chrono Boost)  
  14  0:48  Probe (Chrono Boost)  
Show
View Real Time Build Order
Export as new Build Order

LilDicky Terran - Winner!

Build Orders:  

Get SALT Encoding   

  12  0:01  SCV  
  13  0:13  SCV  
  14  0:18  Supply Depot  
  14  0:27  SCV  
  15  0:40  SCV  
  15  0:42  Refinery  
  16  0:44  Barracks  
  16  0:56  SCV  
  17  1:08  SCV  
  18  1:25  SCV  
  19  1:32  Supply Depot, Marine  
  20  1:37  Orbital Command  
  20  1:45  Factory  
  20  1:53  Marine  
  21  1:58  Barracks  
  21  2:03  Barracks  
  21  2:05  SCV  
  22  2:17  SCV  
  22  2:18  Marine  
  24  2:25  Refinery  
  24  2:29  SCV  
  25  2:36  Marine  
  26  2:57  SCV  
  27  3:06  Barracks Tech Lab x2  
  27  3:22  Barracks Reactor  
Tags
 
Add a new tag
Caveats
  • Supply blocks, unpowered buildings, or Contaminate may cause inaccurate times.
  • Supply counts are checked every 10 seconds.